Build Orders - Match 34773358 - cohdb - Company of Heroes 3 Replays
cohdb
Replays
Latest Replays
All Replays
Popular Replays
Top Player Replays
Match Explorer
How It Works
Community
CoH3 Stats
Reddit
Sign in to upload your games and track your stats! →
Sign in with Steam
Match 34773358
Unlisted
Match 34773358
Overview
Messages
Build Orders
End
Construct Barracks
Selects Advanced Infantry Battlegroup
Engineer Squad
1⁄4-ton 4x4 Truck
Riflemen Squad
Riflemen Squad
Selects Convert to Ranger Squad
Convert to Ranger Squad
Mortar Pit
Construct Medical Station
Construct Medical Station
Infantry Support Center
Riflemen Squad
.30 cal Machine Gun
Selects Frontline Medical Station
Frontline Medical Station
Mortar Pit
Construct Tank Depot
Mortar Pit
Selects Infantry Assault
Infantry Assault
Selects Ammunition Storage
M4A1 Sherman Medium Tank
M4A1 Sherman Medium Tank
Wahuhi
TrickyJesta
pilotvaughn18
xXtx4uXx
Parzodus
Xpectings
0
0
Comments
sign in to comment!
No comments posted yet!